 Dungeon Crawl Stone Soup version 0.30-a0-824-g6c64550be9 (webtiles) character file.

Game seed: 17035647535331052223

188351 BubbleThief the Warrior (level 18, -6/160 HPs)
             Began as a Barachi Ice Elementalist on Feb 27, 2023.
             Was the Champion of Vehumet.
             Mangled by a ghost moth (12 damage)
             ... on level 3 of the Spider Nest on Feb 28, 2023.
             The game lasted 01:14:01 (31512 turns).

BubbleThief the Warrior (Barachi Ice Elementalist) Turns: 31512, Time: 01:14:01

Health: -6/160     AC: 10    Str:  9 (10) XL:     18   Next: 54%
Magic:  1/31       EV: 25    Int: 29 (32) God:    Vehumet [******]
Gold:   3133       SH:  0    Dex: 21 (25) Spells: 18/35 levels left

rFire   + + .      SeeInvis .    q - +9 long sword of the Well-Known Quests {heavy, Int+3 Dex+3}
rCold   + . .      Faith    .    (no shield)
rNeg    . . .      Spirit   .    N - +2 robe {Will+}
rPois   +          Reflect  .    f - +2 helmet of the Moon {+Inv Dex+3}
rElec   +          Harm     .    O - +2 cloak {Stlth+}
rCorr   .          Rampage  .    E - +0 pair of gloves "Amoyga" {*Corrode rPois rF+++ Dex+2}
Will    ++...                    T - +2 pair of boots
Stlth   +++                      y - amulet of magic regeneration
HPRegen 0.46/turn                D - +6 ring of dexterity
MPRegen 0.62/turn                k - ring of Ujeicior {Ice rElec Int+6 Dex-2}

@: about to teleport, corroded, unable to hop, slow
A: amphibious, slowness 1, strong legs 2, +LOS
a: Hop, Renounce Religion, Evoke Invisibility


You were on level 3 of the Spider Nest.
You worshipped Vehumet.
Vehumet was exalted by your worship.
You visited 5 branches of the dungeon, and saw 27 of its levels.
You also visited: Gauntlet and Ice Cave.

You collected 4546 gold pieces.
You spent 1413 gold pieces at shops.

Inventory:

Hand Weapons
 q - the +9 long sword of the Well-Known Quests (weapon) {heavy, Int+3 Dex+3}
   (You took it off a minotaur in a Gauntlet)

   Int:       It affects your intelligence (+3).
   Dex:       It affects your dexterity (+3).
Missiles
 G - 3 throwing nets
Armour
 f - the +2 helmet of the Moon (worn) {+Inv Dex+3}
   (You found it on level 5 of the Lair of Beasts)

   Dex:       It affects your dexterity (+3).
   +Inv:      It lets you turn invisible.
 E - the +0 pair of gloves "Amoyga" (worn) {*Corrode rPois rF+++ Dex+2}
   (You acquired it on level 4 of the Lair of Beasts)

   Dex:       It affects your dexterity (+2).
   rF:        It renders you almost immune to fire.
   rPois:     It protects you from poison.
   *Corrode:  It may corrode you when you take damage.
 N - a +2 robe of willpower (worn)
 O - a +2 cloak of stealth (worn)
 T - a +2 pair of boots (worn)
Magical Staves
 L - a staff of cold
Jewellery
 i - the ring of Coat {rN+ Will+}
   (You found it in an ice cave)

   [ring of willpower]

   rN:        It protects you from negative energy.
   Will:      It increases your willpower.
 k - the ring of Ujeicior (right hand) {Ice rElec Int+6 Dex-2}
   (You took it off a minotaur in a Gauntlet)

   [ring of ice]

   It enhances your ice magic.
   Int:       It affects your intelligence (+6).
   Dex:       It affects your dexterity (-2).
   rF:        It makes you vulnerable to fire.
   rC:        It protects you from cold.
   rElec:     It insulates you from electricity.
 o - a ring of protection from cold
 p - a ring of protection from fire
 y - an amulet of magic regeneration (around neck)
 z - a +4 ring of protection
 A - a ring of positive energy
 C - a ring of see invisible
 D - a +6 ring of dexterity (left hand)
 I - a ring of protection from cold
 W - an amulet of reflection
 X - a +5 ring of evasion
 Z - the ring "Zoopp" {rC- MP+9 Str+3 Int+6 Slay+3}
   (You found it in a Gauntlet)

   [ring of intelligence]

   Str:       It affects your strength (+3).
   Int:       It affects your intelligence (+6).
   Slay:      It affects your accuracy & damage with ranged weapons and melee
   (+3).
   rC:        It makes you vulnerable to cold.
   MP:        It affects your magic capacity (+9).
Wands
 a - a wand of light (11)
 V - a wand of iceblast (10)
Scrolls
 e - 6 scrolls of enchant armour
 g - 2 scrolls of magic mapping
 l - 16 scrolls of identify
 m - 2 scrolls of fear
 n - 3 scrolls of enchant weapon
 r - 3 scrolls of brand weapon
 s - 2 scrolls of fog
 u - 13 scrolls of teleportation
 Q - 2 scrolls of summoning
Potions
 b - 3 potions of magic
 c - 12 potions of curing
 d - 2 potions of cancellation
 h - 7 potions of flight
 j - 2 potions of ambrosia
 t - 4 potions of lignification
 v - 6 potions of haste
 w - 2 potions of mutation
 x - 9 potions of brilliance
 B - 2 potions of might
 K - 4 potions of heal wounds
 P - 3 potions of attraction
 U - 2 potions of berserk rage


   Skills:
 + Level 19.5 Fighting
 - Level 18.0 Long Blades
 + Level 16.7 Dodging
 - Level 1.7 Stealth
 - Level 9.0 Spellcasting
 - Level 18.0 Ice Magic


You had 18 spell levels left.
You knew the following spells:

 Your Spells              Type           Power      Damage    Failure   Level
a - Ozocubu's Refrigerat  Ice            54%        4d19      1%          7
b - Frozen Ramparts       Ice            100%       1d16      0%          3
c - Ozocubu's Armour      Ice            100%       N/A       0%          3
d - Summon Ice Beast      Ice/Summ       78%        N/A       1%          4

Your spell library contained the following spells:

 Spells                   Type           Power      Damage    Failure   Level
 Iron Shot                Conj/Erth      6%         9d2       80%         6
 Freeze                   Ice            100%       1d10      0%          1
 Foxfire                  Conj/Fire      52%        2x1d6     1%          1
 Ensorcelled Hibernation  Hex/Ice        100%       N/A       1%          2
 Static Discharge         Conj/Air       26%        2-4/arc   1%          2
 Hailstorm                Conj/Ice       78%        3d16      1%          3
 Dazzling Flash           Conj/Hex       26%        N/A       3%          3
 Inner Flame              Hex/Fire       13%        N/A       3%          3
 Stone Arrow              Conj/Erth      26%        3d8       3%          3
 Apportation              Tloc           26%        N/A       4%          1
 Necrotise                Necr           52%        1d6       4%          1
 Slow                     Hex            52%        N/A       4%          1
 Summon Small Mammal      Summ           52%        N/A       4%          1
 Passwall                 Tmut/Erth      10%        N/A       6%          2
 Sublimation of Blood     Necr           13%        N/A       6%          2
 Flame Wave               Conj/Fire      13%        2d6       11%         4
 Olgreb's Toxic Radiance  Pois           13%        N/A       11%         4
 Sticky Flame             Conj/Fire      13%        2d4       11%         4
 Confusing Touch          Hex            13%        N/A       12%         3
 Portal Projectile        Hex/Tloc       26%        N/A       12%         3
 Swiftness                Air            13%        N/A       12%         3
 Tukima's Dance           Hex            13%        N/A       12%         3
 Vampiric Draining        Necr           13%        2d6       12%         3
 Vhi's Electric Charge    Tloc/Air       26%        N/A       12%         3
 Arcjolt                  Conj/Air       6%         1d16      28%         5
 Irradiate                Conj/Tmut      6%         3d13      28%         5
 Lightning Bolt           Conj/Air       6%         1d18      28%         5
 Animate Armour           Summ/Erth      26%        N/A       38%         4
 Animate Dead             Necr           13%        N/A       38%         4
 Petrify                  Tmut/Erth      13%        N/A       38%         4
 Agony                    Necr           13%        N/A       75%         5
 Blade Hands              Tmut           6%         N/A       75%         5
 Silence                  Hex/Air        6%         N/A       75%         5
 Summon Forest            Summ/Tloc      6%         N/A       75%         5
 Summon Mana Viper        Hex/Summ       13%        N/A       75%         5
 Conjure Ball Lightning   Conj/Air       6%         3x3d6     80%         6
 Summon Cactus Giant      Summ           6%         N/A       99%         6
 Haunt                    Necr/Summ      6%         N/A       100%        7
 Discord                  Hex            6%         N/A       100%        8
 Disjunction              Tloc           6%         N/A       100%        8
 Ignition                 Fire           6%         3d4       100%        8
 Infestation              Necr           6%         N/A       100%        8
 Lehudib's Crystal Spear  Conj/Erth      6%         10d3      100%        8


Dungeon Overview and Level Annotations

Branches:
Dungeon (15/15) Temple (1/1) D:5 Lair (5/5) D:10 Swamp (0/4) Lair:2 Spider (4/4) Lair:2 Slime (0/5) Lair:5 Orc (2/2) D:11 Elf (0/3) Orc:2 Vaults (0/5) D:13 D:14 Depths (0/4) D:15 IceCv (visited) Gauntlet (visited)

Altars:
Ashenzari
Cheibriados
Dithmenos
Elyvilon
Fedhas
Gozag
Hepliaklqana
Kikubaaqudgha
Makhleb
Nemelex Xobeh
Okawaru
Qazlal
Ru
Sif Muna
Trog
Uskayaw
Vehumet
Wu Jian
Xom
Yredelemnul
Zin
The Shining One

Shops:
D:2 **!(   Orc:1 *   Orc:2 *(((:

Annotations:
D:5 2 runed translucent doors, ragingrage's ghost, novice DrHs
D:7 3 runed translucent doors, juan097's ghost, novice MiBe
Spider:2 2 transporters, avis's ghost, journeyman DgIE
Orc:1 3 runed translucent doors, Zoap's ghost, journeyman MiBe


Innate Abilities, Weirdness & Mutations

You are amphibious.
You cover ground slowly.
You can hop long distances.
You have an extended range of vision and can be seen from far away.


Message History

Something hits you!
* * * LOW HITPOINT WARNING * * *
Deactivating autopickup; reactivate with Ctrl-A.
Something barely misses you.
Something stings you but does no damage.
The emperor scorpion stings you!
* * * LOW HITPOINT WARNING * * *
The emperor scorpion barely misses you.
The emperor scorpion closely misses you.
Okay, then.
You feel much better.
You feel you are being watched by something.
Something hits you!
* * * LOW HITPOINT WARNING * * *
Something closely misses you.
Something stings you but does no damage.
The emperor scorpion stings you.
* * * LOW HITPOINT WARNING * * *
The emperor scorpion misses you.
The emperor scorpion claws you but does no damage.
You feel much better.
You feel you are being watched by something.
You feel your power leaking away. Something hits you!
* * * LOW HITPOINT WARNING * * *
Something hits you.
* * * LOW HITPOINT WARNING * * *
Something stings you.
* * * LOW HITPOINT WARNING * * *
The emperor scorpion closely misses you. x2
The emperor scorpion claws you.
* * * LOW HITPOINT WARNING * * *
You feel much better. Something hits you!
* * * LOW HITPOINT WARNING * * *
You feel clumsy. Something hits you!
* * * LOW HITPOINT WARNING * * *
You feel clumsy. Something stings you!
You die...

######...^# ##^.........#
##...^# #### ###...##...#
#..#..###^.##
###..####^.##
#####....###..^^####..^##
#### #..##...^#
##..#.#..#.## ...#...#.#
#....#.....# ..#.#....#
##..###...##
#........####..##...###
#.......##.....{@....8#
...#..#..?.....s..#...##
.^.#....^........###...#
...#...#..#...#...###.##
...###......#.#.......#
.^####..#....^#......8#
.....^#...#..#.##...###
..#....^.......##..#.#
..((^.#..............##


You could see an emperor scorpion.

Vanquished Creatures
  Rupert (D:14)
  Agnes (Spider:1)
  Kirke (D:13)
  5 emperor scorpions
  2 ghost moths
  A broodmother (Spider:2)
  A minotaur (Gauntlet)
  6 spark wasps (Spider:1)
  The ghost of pigah the Black Belt, a journeyman OpWn of Gozag (Lair:3)
  A fire dragon (Lair:5)
  Snorg (Orc:1)
  Josephine (D:13)
  3 entropy weavers
  A rakshasa (D:15)
  10 centaur warriors
  A catoblepas (D:14)
  7 boulder beetles
  2 hydras
  2 radroaches
  4 two-headed ogres
  A death knight (D:14)
  Urug (D:14)
  4 pharaoh ants
  A deep troll (D:14)
  A sun moth (Spider:3)
  A glowing orange brain (D:15)
  A swamp dragon (Lair:5)
  5 orb spiders
  4 bog bodies (Lair:2)
  A wizard (D:14)
  6 steelbarb worms
  A wolf spider zombie (D:13)
  A lindwurm (shapeshifter) (D:15)
  15 wolf spiders
  Pikel (D:7)
  A phantasmal warrior (Lair:5)
  3 deep elf pyromancers
  23 ugly things
  3 orc knights (Orc:2)
  2 oklob plants
  8 cyclopes
  7 moths of wrath
  8 centaur zombies (D:13)
  3 manticores (D:14)
  A black mamba (Lair:5)
  3 elephants (Lair:1)
  2 molten gargoyles (Lair:4)
  6 demonic crawlers
  2 ice statues (IceCv)
  7 torpor snails
  3 orange demons (D:14)
  Maggie (D:7)
  2 gargoyles
  An unseen horror (D:11)
  7 centaur skeletons (D:13)
  A kobold demonologist (D:10)
  12 cane toads
  7 rime drakes
  12 komodo dragons
  A freezing wraith (IceCv)
  5 yaktaurs (D:15)
  An efreet (Gauntlet)
  2 tengu conjurers (D:14)
  A meliai (D:14)
  3 trolls
  18 tarantellas
  5 hornets
  21 slime creatures
  11 blink frogs
  5 dream sheep (Lair:4)
  A blink frog (shapeshifter) (Gauntlet)
  36 jumping spiders
  Sigmund (D:5)
  5 shadows
  2 wyverns
  20 culicivoras
  6 spriggans (Lair:3)
  A fire elemental (Gauntlet)
  A vampire (D:11)
  4 flying skulls (D:13)
  7 wraiths
  A centaur simulacrum (D:14)
  Eustachio (D:5)
  38 yaks
  2 basilisks
  4 hogs (D:13)
  11 vampire mosquitoes
  16 humans
  2 steam dragons
  44 redbacks
  Menkaure (D:4)
  6 wargs (Orc:2)
  A swamp worm (Lair:2)
  A harpy simulacrum (D:14)
  3 acid dragons
  A swamp drake (Lair:5)
  30 orc warriors
  10 water moccasins
  2 hell hounds (Gauntlet)
  4 sky beasts
  An ice beast (D:5)
  3 black bears
  10 wolves
  3 ogres
  19 centaurs
  2 lemures (D:7)
  3 kobold brigands
  A phantom (D:6)
  Blork the orc (D:5)
  5 necrophages
  2 gnoll sergeants (D:9)
  21 bullfrogs
  8 scorpions
  A cane toad simulacrum (IceCv)
  2 wights (D:13)
  11 killer bees
  2 troll zombies (D:11)
  4 electric eels
  3 jellies
  6 howler monkeys
  5 lava snakes (Lair:4)
  2 hounds
  6 orc priests
  4 iguanas
  Natasha (thrice) (D:2)
  A boggart zombie (D:13)
  13 orc wizards
  2 polar bear simulacra (IceCv)
  4 ogre zombies (D:11)
  6 adders
  18 gnolls
  2 shadow imps (D:7)
  2 white imps
  An ufetubus (D:6)
  A worm (D:2)
  2 dart slugs
  59 orcs
  9 endoplasms
  A giant cockroach (D:3)
  4 goblins
  8 hobgoblins
  25 kobolds
  3 quokkas
  6 ball pythons
  2 bats (D:2)
  2 frilled lizards
  2 orc skeletons (D:11)
  17 orc zombies (D:11)
  7 rats
881 creatures vanquished.

Vanquished Creatures (collateral kills)
  A hydra (Lair:1)
  A necromancer (D:13)
  A shadow (D:13)
  A yak (Lair:4)
  A redback (Spider:4)
  A water moccasin (Lair:1)
6 creatures vanquished.

Vanquished Creatures (others)
  A human (D:14)
  27 demonic plants (Gauntlet)
  42 fungi
  58 plants
128 creatures vanquished.

Grand Total: 1015 creatures vanquished

Notes
Turn   | Place    | Note
-------+----------+-------------------------------------------
     0 | D:1      | BubbleThief the Barachi Ice Elementalist began the quest
                  | for the Orb.
     0 | D:1      | Reached XP level 1. HP: 13/13 MP: 3/3
   242 | D:1      | Reached skill level 5 in Ice Magic
   391 | D:1      | Reached XP level 2. HP: 16/19 MP: 1/5
   830 | D:2      | Found Cejaga's Weapon Emporium.
  1009 | D:2      | Found Rozuenimp's Distillery.
  1056 | D:2      | Found Sizunoefe's Assorted Antiques.
  1066 | D:2      | Reached XP level 3. HP: 16/24 MP: 0/7
  1133 | D:2      | Noticed Natasha
  1136 | D:2      | Found Dutruah's Assorted Antiques.
  1143 | D:2      | Killed Natasha
  1144 | D:2      | Reached XP level 4. HP: 3/30 MP: 1/8
  1261 | D:2      | Bought a pink potion for 19 gold pieces
  1261 | D:2      | Bought an amethyst potion for 19 gold pieces
  1261 | D:2      | Bought a scroll labelled HIR NASTOZO for 22 gold pieces
  1261 | D:2      | Bought a bubbling inky potion for 19 gold pieces
  1495 | D:2      | Noticed Natasha
  1503 | D:2      | Killed Natasha
  1506 | D:2      | Noticed Natasha
  1515 | D:2      | Killed Natasha
  1516 | D:2      | Reached skill level 1 in Fighting
  1615 | D:2      | Learned a level 3 spell: Frozen Ramparts
  1619 | D:2      | Learned a level 3 spell: Ozocubu's Armour
  1703 | D:2      | Reached XP level 5. HP: 37/37 MP: 7/9
  2340 | D:3      | Reached skill level 2 in Fighting
  2805 | D:4      | Reached skill level 4 in Fighting
  2805 | D:4      | Reached XP level 6. HP: 47/48 MP: 4/10
  3056 | D:4      | Noticed Menkaure
  3115 | D:4      | Killed Menkaure
  3136 | D:4      | Reached skill level 5 in Fighting
  3136 | D:4      | Reached XP level 7. HP: 26/56 MP: 1/12
  3599 | D:4      | Found a sparkling altar of Nemelex Xobeh.
  3755 | D:5      | Entered Level 5 of the Dungeon
  4046 | D:5      | Reached skill level 6 in Fighting
  4158 | D:5      | Found a shadowy altar of Dithmenos.
  4248 | D:5      | Found a staircase to the Ecumenical Temple.
  4259 | Temple   | Entered the Ecumenical Temple
  4311 | Temple   | Became a worshipper of Vehumet
  4338 | D:5      | Noticed Sigmund
  4355 | D:5      | Killed Sigmund
  4356 | D:5      | Reached skill level 5 in Spellcasting
  4356 | D:5      | Reached XP level 8. HP: 64/65 MP: 3/15
  4702 | D:5      | Noticed Eustachio
  4714 | D:5      | Killed Eustachio
  4784 | D:5      | Found a large runed translucent door.
  4871 | D:5      | Noticed Blork the orc
  4887 | D:5      | Killed Blork the orc
  5082 | D:5      | Found a large runed translucent door.
  5083 | D:5      | Noticed ragingrage's ghost (novice DrHs)
  5143 | D:6      | Reached skill level 7 in Fighting
  5611 | D:6      | Found an ancient bone altar of Kikubaaqudgha.
  5739 | D:6      | Reached XP level 9. HP: 74/74 MP: 14/18
  5765 | D:6      | Identified the +5 mace of Fybinil {vamp, rN+}
  6028 | D:6      | Reached skill level 8 in Fighting
  6336 | D:7      | Noticed Pikel
  6340 | D:7      | Killed Pikel
  6341 | D:7      | Reached skill level 10 in Ice Magic
  6387 | D:7      | Found a blossoming altar of Fedhas.
  6415 | D:7      | Noticed Maggie
  6423 | D:7      | Reached skill level 9 in Fighting
  6458 | D:7      | Killed Maggie
  6713 | D:7      | Noticed a manticore
  6713 | D:7      | Noticed juan097's ghost (novice MiBe)
  6715 | D:7      | Found a runed translucent gate.
  6715 | D:7      | Found a runed translucent gate.
  6715 | D:7      | Found a runed translucent gate.
  6876 | D:7      | You fall into a shaft and drop 3 floors!
  6876 | D:10     | Entered Level 10 of the Dungeon
  6878 | D:10     | Found a burning altar of Makhleb.
  6927 | D:10     | Noticed a hornet
  6940 | D:10     | Reached * piety under Vehumet
  6940 | D:10     | Offered knowledge of Sandblast by Vehumet.
  6959 | D:10     | Found an opulent altar of Gozag.
  6965 | D:10     | Reached XP level 10. HP: 66/84 MP: 13/21
  7413 | D:7      | Learned a level 4 spell: Summon Ice Beast
  7475 | D:7      | Reached skill level 10 in Fighting
  7631 | D:8      | Found a stormy altar of Qazlal.
  7895 | D:8      | Found an iron altar of Okawaru.
  8048 | D:9      | Offered knowledge of Searing Ray by Vehumet.
  8050 | D:9      | Reached ** piety under Vehumet
  8939 | D:10     | Noticed a two-headed ogre
  8950 | D:10     | Killed a two-headed ogre
  8951 | D:10     | Reached skill level 5 in Dodging
  8962 | D:10     | Found a staircase to the Lair.
  8962 | D:10     | Noticed a kobold demonologist
  8970 | D:10     | Killed a kobold demonologist
  8971 | D:10     | Reached skill level 11 in Fighting
  8971 | D:10     | Reached XP level 11. HP: 87/93 MP: 17/24
  9090 | D:10     | Offered knowledge of Dazzling Flash by Vehumet.
  9169 | D:10     | Found a sacrificial altar of Ru.
  9554 | D:10     | Identified a scroll of acquirement
  9554 | D:10     | Acquired 532 gold pieces
  9724 | D:2      | Bought the +3 long sword of Anguish {freeze, rElec rF++}
                  | for 528 gold pieces
  9742 | D:2      | Bought a potion of haste for 130 gold pieces
  9742 | D:2      | Bought a potion of cancellation for 104 gold pieces
  9742 | D:2      | Bought 2 potions of curing for 78 gold pieces
  9742 | D:2      | Bought a potion of heal wounds for 65 gold pieces
  9774 | D:2      | Bought a scroll labelled NIPTAR ZAXKY for 24 gold pieces
  9774 | D:2      | Bought a potion of heal wounds for 120 gold pieces
  9774 | D:2      | Bought a scroll labelled DAHAAST CAVOITH for 24 gold pieces
  9941 | Lair:1   | Entered Level 1 of the Lair of Beasts
  9953 | Lair:1   | Reached skill level 1 in Long Blades
  9978 | Lair:1   | Noticed an oklob plant
 10035 | Lair:1   | Noticed an eight-headed hydra
 10065 | Lair:2   | Noticed an oklob plant
 10530 | Lair:2   | Reached skill level 5 in Long Blades
 10548 | Lair:2   | Found a hole to the Spider Nest.
 11038 | Lair:2   | Noticed a bog body
 11043 | Lair:2   | Killed a bog body
 11149 | Lair:2   | Noticed a bog body
 11209 | Lair:2   | Noticed a bog body
 11347 | Lair:2   | Killed a bog body
 11347 | Lair:2   | Reached *** piety under Vehumet
 11526 | Lair:2   | Found a staircase to the Swamp.
 11526 | Lair:2   | Noticed a bog body
 11548 | Lair:2   | Killed a bog body
 11612 | Lair:2   | Killed a bog body
 11688 | Lair:2   | Reached XP level 12. HP: 80/100 MP: 20/25
 11893 | Lair:3   | Reached skill level 10 in Long Blades
 12136 | Lair:3   | Noticed pigah's ghost (journeyman OpWn)
 12143 | Lair:3   | Found a bloodstained altar of Trog.
 12151 | Lair:3   | Found a transporter.
 12154 | Lair:3   | Found a transporter.
 12441 | Lair:3   | Offered knowledge of Inner Flame by Vehumet.
 13015 | Lair:4   | Acquired the +0 pair of gloves "Amoyga" {*Corrode rPois
                  | rF+++ Dex+2}
 13672 | Lair:4   | Identified the -2 pair of gloves of Indomitability {Harm
                  | Int+4}
 13686 | Lair:4   | Found an ancient bone altar of Kikubaaqudgha.
 13721 | Lair:4   | Reached **** piety under Vehumet
 14068 | Lair:4   | Offered knowledge of Hailstorm by Vehumet.
 14069 | Lair:4   | Reached skill level 12 in Fighting
 14075 | Lair:4   | Learned a level 3 spell: Hailstorm
 14239 | Lair:5   | Entered Level 5 of the Lair of Beasts
 14305 | Lair:5   | Gained mutation: You can hop long distances. [Barachi
                  | growth]
 14305 | Lair:5   | Reached XP level 13. HP: 104/109 MP: 23/26
 14552 | Lair:5   | Reached skill level 13 in Fighting
 14790 | Lair:5   | Noticed a fire dragon
 14922 | Lair:5   | Identified the +2 helmet of the Moon {+Inv Dex+3}
 15212 | Lair:5   | Found an ancient bone altar of Kikubaaqudgha.
 15361 | Lair:5   | Found a staircase to the Slime Pits.
 15542 | Lair:5   | Found a runed translucent door.
 15549 | Lair:5   | Reached ***** piety under Vehumet
 15602 | Lair:5   | Learned a level 7 spell: Ozocubu's Refrigeration
 15859 | Lair:5   | Reached skill level 14 in Fighting
 15859 | Lair:5   | Reached skill level 10 in Dodging
 16127 | Lair:5   | Killed a fire dragon
 16744 | Lair:1   | Offered knowledge of Eringya's Noxious Bog by Vehumet.
 17131 | Lair:1   | Identified the +1 ring mail "Wonokhia" {rF+ Will+}
 17631 | D:11     | Reached XP level 14. HP: 104/121 MP: 27/27
 17841 | D:11     | Reached skill level 15 in Fighting
 18218 | D:11     | Found a staircase to the Orcish Mines.
 18681 | Orc:1    | Entered Level 1 of the Orcish Mines
 18778 | Orc:1    | Noticed Snorg
 18788 | Orc:1    | Killed Snorg
 19442 | Orc:1    | Found a runed translucent gate.
 19442 | Orc:1    | Found a runed translucent gate.
 19442 | Orc:1    | Found a runed translucent gate.
 19442 | Orc:1    | Found an opulent altar of Gozag.
 19443 | Orc:1    | Noticed Zoap's ghost (journeyman MiBe)
 19444 | Orc:1    | Found Neskiqu's Assorted Antiques.
 19642 | Orc:2    | Entered Level 2 of the Orcish Mines
 19642 | Orc:2    | Found Saser's Gadget Gallery.
 19681 | Orc:2    | Found a frozen archway.
 19724 | IceCv    | Entered an ice cave
 19873 | IceCv    | Offered knowledge of Iskenderun's Battlesphere by Vehumet.
 19879 | IceCv    | Found a transporter.
 19892 | IceCv    | Found a transporter.
 19912 | IceCv    | Identified the ring of Coat {rN+ Will+}
 20390 | Orc:2    | Found Bacheg's Antique Weapon Shoppe.
 20390 | Orc:2    | Found Viumomev's Weapon Shop.
 20405 | Orc:2    | Bought a pitted scimitar for 261 gold pieces
 20405 | Orc:2    | Identified the +1 scimitar "Xonlir" {drain, +Blink rC-
                  | Will+} (You bought it in a shop on level 2 of the Orcish
                  | Mines)
 20459 | Orc:2    | Found a staircase to the Elven Halls.
 20519 | Orc:2    | Reached skill level 15 in Ice Magic
 20726 | Orc:2    | Found Guniar's Book Shoppe.
 20726 | Orc:2    | Found Rokhlaen's Weapon Shop.
 20734 | Orc:2    | HP: 5/123 [orc knight/+0 great mace (32)]
 22247 | D:13     | Noticed Kirke
 22262 | D:13     | Killed Kirke
 22793 | D:13     | Noticed Josephine
 22815 | D:13     | Killed Josephine
 22875 | D:13     | Reached XP level 15. HP: 78/129 MP: 28/28
 23128 | D:13     | Offered knowledge of Orb of Destruction by Vehumet.
 23760 | D:14     | Noticed Urug
 23760 | D:14     | Found a gate to the Vaults.
 23893 | D:14     | Found a gate leading to a gauntlet.
 23903 | Gauntlet | Entered a Gauntlet
 23903 | Gauntlet | Found a transporter.
 23934 | Gauntlet | Found a transporter.
 23949 | Gauntlet | Found a transporter.
 23954 | Gauntlet | Found a transporter.
 23972 | Gauntlet | Found a transporter.
 23988 | Gauntlet | Found a transporter.
 24000 | Gauntlet | Found a transporter.
 24009 | Gauntlet | Found a transporter.
 24024 | Gauntlet | Found a transporter.
 24076 | Gauntlet | Found a large runed translucent door.
 24076 | Gauntlet | Found a large runed translucent door.
 24077 | Gauntlet | Found a large runed translucent door.
 24077 | Gauntlet | Found a large runed translucent door.
 24078 | Gauntlet | Found a large runed translucent door.
 24078 | Gauntlet | Found a large runed translucent door.
 24079 | Gauntlet | Found a runed translucent gate.
 24079 | Gauntlet | Found a runed translucent door.
 24080 | Gauntlet | Found a transporter.
 24080 | Gauntlet | Found a runed translucent gate.
 24081 | Gauntlet | Found a runed translucent gate.
 24081 | Gauntlet | Found a runed translucent door.
 24082 | Gauntlet | Found a large runed translucent door.
 24082 | Gauntlet | Found a large runed translucent door.
 24083 | Gauntlet | Found a large runed translucent door.
 24083 | Gauntlet | Found a large runed translucent door.
 24084 | Gauntlet | Found a large runed translucent door.
 24084 | Gauntlet | Found a large runed translucent door.
 24094 | Gauntlet | Found a large runed translucent door.
 24094 | Gauntlet | Found a large runed translucent door.
 24095 | Gauntlet | Found a large runed translucent door.
 24095 | Gauntlet | Found a large runed translucent door.
 24097 | Gauntlet | Found a transporter.
 24114 | Gauntlet | Found a transporter.
 24116 | Gauntlet | Found a transporter.
 24150 | Gauntlet | Found a transporter.
 24150 | Gauntlet | Found a transporter.
 24150 | Gauntlet | Found a transporter.
 24164 | Gauntlet | Found a transporter.
 24174 | Gauntlet | Found a transporter.
 24239 | Gauntlet | Identified the ring "Zoopp" {rC- MP+9 Str+3 Int+6 Slay+3}
 24263 | Gauntlet | Identified the +9 long sword of the Well-Known Quests
                  | {heavy, Int+3 Dex+3}
 24263 | Gauntlet | Identified the ring of Ujeicior {Ice rElec Int+6 Dex-2}
 24985 | D:14     | Noticed Rupert
 25001 | D:14     | Killed Rupert
 25272 | D:14     | Reached skill level 15 in Long Blades
 25340 | D:14     | Killed Urug
 25341 | D:14     | Reached skill level 16 in Fighting
 25906 | D:15     | Entered Level 15 of the Dungeon
 25914 | D:15     | Reached XP level 16. HP: 128/139 MP: 9/29
 26345 | D:15     | Reached ****** piety under Vehumet
 26345 | D:15     | Offered knowledge of Lee's Rapid Deconstruction by Vehumet.
 26447 | D:15     | Found a staircase to the Depths.
 27178 | D:12     | Acquired 1040 gold pieces
 27361 | Lair:3   | Reached skill level 17 in Fighting
 27375 | Lair:3   | Killed pigah's ghost
 27665 | Spider:1 | Entered Level 1 of the Spider Nest
 27970 | Spider:1 | Identified the +5 ring mail of Valiance {*Corrode Int+4}
 27972 | Spider:1 | Offered knowledge of Spellforged Servitor by Vehumet.
 27974 | Spider:1 | HP: 3/143 [wolf spider (19)]
 28512 | Spider:1 | Reached skill level 15 in Dodging
 28662 | Spider:1 | Noticed Agnes
 28680 | Spider:1 | Killed Agnes
 29057 | Spider:1 | Reached skill level 18 in Fighting
 29057 | Spider:1 | Reached XP level 17. HP: 150/150 MP: 30/30
 29192 | Spider:2 | Found a transporter.
 29195 | Spider:2 | Noticed avis's ghost (journeyman DgIE)
 29196 | Spider:2 | Found a transporter.
 29232 | Spider:2 | Reached XP level 18. HP: 141/158 MP: 8/31
 29782 | Spider:2 | Got the Secrets of the Salamander
 30703 | Spider:4 | Entered Level 4 of the Spider Nest
 30806 | Spider:4 | Reached skill level 19 in Fighting
 31080 | Spider:4 | Offered knowledge of Iron Shot by Vehumet.
 31509 | Spider:3 | HP: 4/160 [emperor scorpion (14)]
 31512 | Spider:3 | Mangled by a ghost moth

Illustrated notes

Levels and vault maps discovered:
D:1:      onia_arrival_handbag, layout_loops_ring
D:2:      minmay_inner_zag, layout_basic, serial_shops,
          nicolae_shop_overgrown_old_shop, nicolae_shop_hallway_stairs,
          nicolae_shop_waterfront, shop, uniq_natasha
D:3:      layout_loops_ring, kennysheep_generic_room_5
D:4:      layout_basic, nemelex_spade_bored_becter, uniq_menkaure
D:5:      layout_loops_cross, mainiacjoe_overflow_six_doors_small,
          minmay_temple_entry_gardened_gates, ebering_ghost_disaster_area,
          uniq_blork_the_orc, uniq_sigmund, uniq_eustachio
D:6:      layout_basic, mainiacjoe_overflow_concentric_impassable,
          minmay_misc_feat_doors
D:7:      layout_gridville, mainiacjoe_overflow_boulevard,
          gammafunk_ghost_split, serial_bayou_lagoon_a, uniq_pikel, uniq_maggie
D:8:      layout_rooms, okawaru_altar_gauntlet_db,
          nicolae_qazlal_general_emergency
D:9:      layout_loops_cross
D:10:     layout_basic, nicolae_gozag_cash_rules_everything_around_me,
          bloody_makhleb, mainiacjoe_overflow_cross_hatched,
          due_lair_maze_entry_diamond, dreamdust_wishing_well
D:11:     layout_roguey, zombieorc1_lemuel
D:12:     layout_gridville
D:13:     hangedman_screamer, layout_long_grid, uniq_kirke
D:14:     minmay_open_boxes_in_corner, layout_gridville, david_vaults_3,
          gauntlet_entry_generic, chequers_hall_statues_corner_a,
          hangedman_decor_points, small_statue_intersection,
          einodemon_barbed_minivault, uniq_rupert
D:15:     gammafunk_enter_depths_forms, layout_stronghold, grunt_decor_cap,
          uniq_josephine
Temple:   dshaligram_water_room_temple
Lair:1:   layout_loops_ring, beast_lair_carwin_4, grunt_megastairs_4
Lair:2:   layout_gridlike, nicolae_swamp_entry_splash_gauntlet,
          nicolae_spider_entry_tight_spaces, roderic_carrion_pond
Lair:3:   layout_gridlike, gammafunk_ghost_wrathful_warriors, grunt_megastairs_5
Lair:4:   cheibrodos_magma_flow, layout_gridlike, minmay_hedge_maze,
          lemuel_centaur_altar
Lair:5:   guppyfry_lair_end_dragon, layout_layer_cave, slime_entry_1,
          basic_altar, pdpol_lair_cabin_in_the_woods
Spider:1: nicolae_spider_mines_3, nicolae_spider_bzzzt, uniq_agnes
Spider:2: layout_spider_delve, gammafunk_ghost_mausoleum
Spider:3: layout_spider_delve, hellmonk_test_site
Spider:4: grunt_spider_rune_circles
Orc:1:    nicolae_orc_accident_3, layout_caves, ebering_ghost_gozag, uniq_snorg
Orc:2:    st_orc_town, layout_caves, portal_ice_cave_rime, lemuel_statue_altar,
          nicolae_shop_gadgets

Skill      XL: |  1  2  3  4  5  6  7  8  9 10 11 12 13 14 15 16 17 18 |
---------------+-------------------------------------------------------+-----
Ice Magic      | 5 6 7 8 9 10 12 13 17 18 | 18.0
Spellcasting   | 3 5 6 7 9 |  9.0
Fighting       | 1 4 5 6 7 9 11 12 14 15 16 18 19 | 19.5
Dodging        | 5 6 7 11 12 13 15 16 | 16.7
Long Blades    | 9 14 15 17 18 | 18.0
Stealth        | |  1.7

Action                     |  1- 3 |  4- 6 |  7- 9 | 10-12 | 13-15 | 16-18 || total
---------------------------+-------+-------+-------+-------+-------+-------++-------
  Melee: Mace              |     6 |    56 |   154 |    75 |       |       ||   291
         Punch             |       |       |     1 |       |    17 |     1 ||    19
         Long sword        |       |       |       |   230 |   839 |   278 ||  1347
   Cast: Freeze            |    32 |    20 |    14 |     7 |       |       ||    73
         Frozen Ramparts   |       |    11 |    36 |    75 |    77 |    34 ||   233
         Ozocubu's Armour  |       |     4 |    18 |    62 |    62 |    22 ||   168
         Summon Ice Beast  |       |       |       |     2 |    11 |     3 ||    16
         Ozocubu's Refrige |       |       |       |       |    85 |    84 ||   169
         Hailstorm         |       |       |       |       |     2 |       ||     2
Ability: Hop               |       |     1 |       |     1 |     3 |     3 ||     8
  Evoke: Wand              |       |       |     2 |       |    24 |       ||    26
         Box of beasts     |       |       |       |       |     2 |       ||     2
    Use: Scroll            |       |       |       |    28 |     5 |     6 ||    39
         Potion            |       |       |       |       |     2 |     7 ||     9
   Stab: Sleeping          |       |     4 |     2 |     1 |     9 |     1 ||    17
         Invisible         |       |       |       |       |     7 |       ||     7
         Distracted        |       |       |       |       |     4 |     4 ||     8
 Armour: Robe              |     2 |    26 |    73 |   124 |   160 |   140 ||   525
  Dodge: Dodged            |    12 |    49 |   143 |   416 |   723 |   559 ||  1902
  Block: Other             |       |       |       |       |   162 |    73 ||   235
         Reflection        |       |       |       |       |     6 |     7 ||    13

Table legend: (Time is in decaauts)
 A = Elapsed time spent in this place.
 B = Non-inter-level travel time spent in this place.
 C = Inter-level travel time spent in this place.
 D = Time resting spent in this place.
 E = Time spent auto-exploring this place.
 F = Levels seen in this place.
 G = Mean time per level.
                   A        B        C        D        E       F      G
               +--------+--------+--------+--------+--------+-----+--------+
         Total |  34698 |  32613 |   2085 |   2361 |  23567 |  29 | 1196.5 |
       Dungeon |  18300 |  17133 |   1167 |    430 |  13504 |  15 | 1220.0 |
        Temple |     86 |     64 |     22 |      0 |      0 |   1 |   86.0 |
          Lair |   8936 |   8213 |    723 |    925 |   5806 |   5 | 1787.2 |
   Spider Nest |   3866 |   3778 |     88 |    394 |   2504 |   4 |  966.5 |
  Orcish Mines |   2507 |   2424 |     83 |    276 |   1627 |   2 | 1253.5 |
      Ice Cave |    234 |    234 |      0 |     97 |     19 |   1 |  234.0 |
      Gauntlet |    766 |    766 |      0 |    239 |    106 |   1 |  766.0 |
               +--------+--------+--------+--------+--------+-----+--------+

Top non-repeatable levels by time:
  Lair:5: 2486 daAuts
  Lair:2: 2472 daAuts
    D:13: 1847 daAuts
  Lair:4: 1532 daAuts
  Lair:3: 1526 daAuts
    D:14: 1514 daAuts
     D:2: 1504 daAuts
     D:5: 1503 daAuts
   Orc:2: 1402 daAuts
Spider:1: 1366 daAuts
    D:11: 1364 daAuts
    D:15: 1334 daAuts
     D:6: 1258 daAuts
     D:7: 1212 daAuts
    D:10: 1188 daAuts
